cohdb
Replays
Latest Replays
All Replays
Popular Replays
Top Player Replays
Match Explorer
How It Works
Community
CoH3 Stats
Reddit
Sign in to upload your games and track your stats! →
Sign in with Steam
Match 46757221
Unlisted
Match 46757221
Overview
Messages
Build Orders
End
Kradschützen Motorcycle Team
Panzergrenadier Squad
250 Light Carrier
Construct Light Support Kompanie
Combat Half-tracks
Panzergrenadier Squad
Fire Support Elements
Panzerjäger Mechanized Group
Selects Armored Support Battlegroup
Selects Salvage Kits
Selects Superior Fire Drills
Veteran Squad Leaders
Vehicle Survival Package
Panzerjäger Squad
Construct Panzerarmee Kommand
Flak 36 Anti-tank Gun Team
Assault Mechanized Group
Armored Reserves
Emergency Repair Kits
Selects Panzer Storm
Tiger Heavy Tank
2.5-tonne Medical Truck
Selects Stuka Dive Bomb
Selects Flammpanzer III Medium Tank
Stuka Dive Bomb
Rapid Advance
Akkerman
UMirinBrah?
0
0
Comments
sign in to comment!
No comments posted yet!